 Dungeon Crawl Stone Soup version 0.20.1-1-g8b1a95d (webtiles) character file.

1222 keltmir the Transmogrifier (level 8, -6/59 HPs)
             Began as a Yellow Draconian Transmuter on Nov 11, 2017.
             Mangled by a two-headed ogre
             ... wielding a +0 giant club
              (29 damage)
             ... on level 6 of the Dungeon.
             The game lasted 00:24:30 (5711 turns).

keltmir the Transmogrifier (DrTm)                   Turns: 5711, Time: 00:24:31

Health: -6/59      AC:  6    Str: 12    XL:     8   Next: 23%
Magic:  3/11       EV: 12    Int: 15    God:
Gold:   282        SH:  0    Dex: 13    Spells: 2/11 levels left

rFire    . . .     SeeInvis .     - Unarmed
rCold    . . .     Gourm    .   (shield currently unavailable)
rNeg     . . .     Faith    .   (armour unavailable)
rPois    .         Spirit   .   (helmet restricted)
rElec    .         Reflect  .   (no cloak)
rCorr    +         Harm     .   (gloves currently unavailable)
MR       .....                  (no boots)
Stlth    +.........             (no amulet)
Regen    0.2/turn               (no ring)
MPRegen  0.2/turn               (no ring)

@: short of breath, blade hands (expiring)
A: spit acid, acid resistance, unfitting armour, cold-blooded, AC +6
a: Breathe Acid, End Transformation


You were on level 6 of the Dungeon.
You were not hungry.
You had blades for hands.
You visited 1 branch of the dungeon, and saw 6 of its levels.

You collected 282 gold pieces.

Inventory:

Missiles
 a - 46 arrows
 e - 6 poisoned needles
Jewellery
 f - an uncursed amulet of faith
 g - an uncursed ring of flight
Scrolls
 d - a scroll of teleportation
 i - 3 scrolls of enchant armour
 m - 2 scrolls of enchant weapon
 o - 2 scrolls of blinking
Potions
 h - 3 potions of lignification
 j - a potion of mutation
 k - a potion of brilliance {unknown}
 l - 2 potions of heal wounds
 q - a potion of resistance {unknown}
 r - a potion of magic {unknown}
Books
 b - a book of Changes

   Spells                             Type                      Level
   a - Beastly Appendage              Transmutation                1
   b - Sticks to Snakes               Transmutation                2
   c - Spider Form                    Transmutation/Poison         3
   d - Ice Form                       Ice/Transmutation            4
   e - Blade Hands                    Transmutation                5
 n - a book of Minor Magic

   Spells                             Type                      Level
   a - Magic Dart                     Conjuration                  1
   b - Blink                          Translocation                2
   c - Call Imp                       Summoning                    2
   d - Slow                           Hexes                        2
   e - Conjure Flame                  Conjuration/Fire             3
   f - Mephitic Cloud                 Conjuration/Poison/Air       3
Comestibles
 c - 2 bread rations
 p - a chunk of flesh


   Skills:
 + Level 1.1 Fighting
 + Level 1.8 Dodging
 * Level 3.1 Unarmed Combat
 - Level 2.0 Spellcasting
 + Level 10.0 Transmutations


You had 2 spell levels left.
You knew the following spells:

 Your Spells              Type           Power        Failure   Level  Hunger
a - Beastly Appendage     Tmut           ####..       11%         1    #......
b - Spider Form           Tmut/Pois      ###.......   43%         3    ###....
c - Blade Hands           Tmut           ####......   45%         5    ######.


Dungeon Overview and Level Annotations

Branches:
Dungeon (6/15)
 Temple: D:4-7

Altars:
Ashenzari
Okawaru
Ru

Shops:
D:6 *


Innate Abilities, Weirdness & Mutations

You can spit globs of acid.
You are resistant to acid.
Your golden yellow scales are hard. (AC +6)
You cannot fit into any form of body armour.
You are cold-blooded and may be slowed by cold attacks.


Message History

The glob of acid misses the two-headed ogre.
You feel somewhat more hungry.
The two-headed ogre barely misses you. x2
You slash the two-headed ogre!
You tail-slap the two-headed ogre, but do no damage.
The two-headed ogre is moderately wounded.
Your transformation is almost over.
You slice the two-headed ogre!!
The two-headed ogre is severely wounded.
The two-headed ogre barely misses you.
The two-headed ogre hits you with a giant club!
Press: ? - help, v - describe, . - travel The floor, spattered with blood.
You hit the two-headed ogre. You tail-slap the two-headed ogre.
The two-headed ogre is almost dead.
The two-headed ogre hits you with a giant club!
* * * LOW HITPOINT WARNING * * *
The two-headed ogre misses you.
You feel much better.
The two-headed ogre hits you with a giant club!!
You die...

##### #...#
#...# #...#
#...# #...#
#...# ##.@.#
#..O.# #....#
#....#
#?...........#
#............#
#.?........#.#
###.##.......
#. #.....>..


You could see a two-headed ogre.

Vanquished Creatures
  Eustachio (D:6)
  The ghost of Thaneod the Chopper, an amateur MiGl (D:4)
  Duvessa (D:4)
  A phantom (D:5)
  An ogre (D:3)
  Blork the orc (D:4)
  A bullfrog (D:6)
  Dowan (D:4)
  A hound (D:6)
  An orc priest (D:4)
  A bullfrog skeleton (D:6)
  5 orc wizards
  2 iguanas
  A worker ant (D:4)
  A hound zombie (D:5)
  5 adders
  An ooze (D:1)
  3 worms
  4 dart slugs (D:1)
  2 leopard geckos
  19 orcs
  A ball python (D:2)
  5 bats
  6 giant cockroaches
  6 goblins
  6 hobgoblins
  8 jackals
  9 kobolds
  3 quokkas
  6 frilled lizards
  7 rats
111 creatures vanquished.

Notes
Turn   | Place    | Note
-------+----------+-------------------------------------------
     0 | D:1      | keltmir the Draconian Transmuter began the quest for the Orb.
     0 | D:1      | Reached XP level 1. HP: 16/16 MP: 3/3
   133 | D:1      | Reached XP level 2. HP: 19/23 MP: 5/5
   189 | D:1      | Reached skill level 3 in Transmutations
   352 | D:1      | Reached XP level 3. HP: 21/28 MP: 6/6
   358 | D:1      | Learned a level 3 spell: Spider Form
   938 | D:3      | Reached skill level 4 in Transmutations
  1301 | D:2      | Found a shattered altar of Ashenzari.
  1305 | D:2      | Saw a vision of the Shoals and the Spider Nest.
  1305 | D:2      | Noticed a redback
  1305 | D:2      | Noticed a redback
  1305 | D:2      | Noticed a redback
  1305 | D:2      | Noticed a centaur
  1305 | D:2      | Noticed a merfolk
  1305 | D:2      | Noticed a redback
  1305 | D:2      | Noticed a scorpion
  1305 | D:2      | Noticed a sea snake
  1305 | D:2      | Noticed a hippogriff
  1305 | D:2      | Noticed a wolf spider
  1305 | D:2      | Noticed a merfolk siren
  1305 | D:2      | Noticed a redback
  1306 | D:2      | Noticed a merfolk
  1308 | D:2      | Noticed a merfolk siren
  1308 | D:2      | Noticed a scorpion
  1342 | D:2      | Found an iron altar of Okawaru.
  1591 | D:2      | Reached XP level 4. HP: 35/35 MP: 5/7
  2007 | D:4      | Noticed Duvessa
  2008 | D:4      | Noticed Dowan
  2008 | D:4      | Noticed an ogre
  2055 | D:4      | Noticed Thaneod's ghost (amateur MiGl)
  2427 | D:3      | Reached skill level 5 in Transmutations
  2818 | D:3      | Reached XP level 5. HP: 40/40 MP: 8/8
  3116 | D:4      | Killed Dowan
  3116 | D:4      | Reached skill level 6 in Transmutations
  3729 | D:3      | Killed an ogre
  3729 | D:3      | Reached XP level 6. HP: 16/47 MP: 6/9
  4303 | D:4      | Reached skill level 7 in Transmutations
  4467 | D:3      | Learned a level 5 spell: Blade Hands
  4476 | D:4      | Killed Thaneod's ghost
  4476 | D:4      | Your scales start taking on a golden yellow colour.
  4476 | D:4      | Reached XP level 7. HP: 28/52 MP: 5/10
  4764 | D:4      | Reached skill level 8 in Transmutations
  4780 | D:5      | Entered Level 5 of the Dungeon
  4870 | D:4      | Killed Duvessa
  4943 | D:4      | Found a sacrificial altar of Ru.
  5021 | D:4      | Noticed Blork the orc
  5026 | D:4      | Killed Blork the orc
  5293 | D:5      | Reached skill level 9 in Transmutations
  5339 | D:5      | Found Oluxky's Armour Shoppe.
  5359 | D:6      | Found Pitwibes's Assorted Antiques.
  5454 | D:6      | Noticed Eustachio
  5465 | D:6      | Reached XP level 8. HP: 43/59 MP: 5/11
  5652 | D:6      | Killed Eustachio
  5654 | D:6      | Reached skill level 10 in Transmutations
  5702 | D:6      | Noticed a two-headed ogre
  5711 | D:6      | Mangled by a two-headed ogre

Skill      XL: |  1  2  3  4  5  6  7  8 |
---------------+-------------------------+-----
Transmutations | 3 4 5 6 7 9 10 | 10.0
Fighting       | |  1.1
Dodging        | |  1.8
Unarmed Combat | |  3.1
Spellcasting   | |  2.0

Action                   |  1- 3 |  4- 6 |  7- 9 || total
-------------------------+-------+-------+-------++-------
Melee: Unarmed           |   134 |   182 |    96 ||   412
       Tailslap          |     9 |    12 |     9 ||    30
       Headbutt          |     5 |       |       ||     5
       Punch             |       |       |     2 ||     2
 Cast: Beastly Appendage |     5 |     1 |     1 ||     7
       Spider Form       |     4 |    16 |     3 ||    23
       Blade Hands       |       |     1 |     8 ||     9
 Abil: Breathe Acid      |       |       |     6 ||     6
  Use: Scroll            |     3 |     6 |     1 ||    10
       Potion            |       |       |     1 ||     1
 Stab: Sleeping          |     1 |       |     1 ||     2
  Eat: Chunk             |     3 |     7 |     6 ||    16
       Bread ration      |       |     1 |     1 ||     2
Armor: Skin              |    42 |    22 |    31 ||    95
Dodge: Dodged            |   102 |   135 |    63 ||   300
